 Dungeon Crawl Stone Soup version 0.17-a0-512-gd6a67cc (webtiles) character file.

96389 Fanu the Eclecticist (level 15, -2/154 HPs)
             Began as a Pale Draconian Wizard on Apr 9, 2015.
             Was the Champion of Vehumet.
             Slain by a snapping turtle (15 damage)
             ... on level 5 of the Shoals on Apr 11, 2015.
             The game lasted 04:13:15 (40228 turns).

Fanu the Eclecticist (Pale Draconian Wizard)       Turns: 40228, Time: 04:13:15

Health: -2/154     AC: 28    Str: 12    XL:     15   Next: 69%
Magic:  30/44      EV: 11    Int: 32    God:    Vehumet [******]
Gold:   1536       SH:  4    Dex:  5    Spells: 12 memorised, 7 levels left

rFire  . . .     SeeInvis +     N - staff of wizardry
rCold  . . .     Clarity  .     (armour unavailable)
rNeg   + . .     SustAb   .     E - +0 buckler
rPois  ∞         Gourm    .     G - +3 crown of Dyrovepreva {rElec Int+2 SInv}
rElec  +         Spirit   .     Y - +0 cloak
rCorr  .         Warding  .     (gloves currently unavailable)
rMut   .         Stasis   .     (boots currently unavailable)
MR     ++...                    r - amulet of regeneration
Stlth  +.........               w - ring of magical power
                                F - ring "Pydghuxey" {Contam rPois Int+5 SInv Stlth+}

@: exhausted, statue-form, slowed, very slow, very resistant to hostile
enchantments, very unstealthy
A: (breathe steam), unfitting armour, talons 1, clumsy 1, magic resistance 1,
cold-blooded, AC +9
a: End Transformation, Renounce Religion


You were on level 5 of the Shoals.
You worshipped Vehumet.
Vehumet was exalted by your worship.
You were hungry.
You were a stone statue.
You visited 4 branches of the dungeon, and saw 29 of its levels.
You also visited: Ossuary and Volcano.

You collected 2644 gold pieces.
You spent 1108 gold pieces at shops.

Inventory:

Armour
 p - a +2 hat of magic resistance
 y - a +0 pair of gloves (melded)
 E - a +0 buckler (worn)
 G - the +3 crown of Dyrovepreva (worn) {rElec Int+2 SInv}
   (You bought it in a shop on level 4 of the Orcish Mines)

   It affects your intelligence (+2).
   It insulates you from electricity.
   It enhances your eyesight.
 O - a +0 pair of boots (melded)
 Y - a +0 cloak (worn)
Magical staves
 b - an uncursed staff of earth
 N - an uncursed staff of wizardry (weapon)
Jewellery
 r - an amulet of regeneration (around neck)
 v - an uncursed amulet of stasis
 w - a ring of magical power (right hand)
 C - a +4 ring of strength
 F - the ring "Pydghuxey" (left hand) {Contam rPois Int+5 SInv Stlth+}
   (You found it on level 8 of the Lair of Beasts)

   [ring of stealth]

   It affects your intelligence (+5).
   It protects you from poison.
   It enhances your eyesight.
   It causes magical contamination when unequipped.
   It makes you more stealthy.
Magical devices
 h - a wand of disintegration (5)
 q - a wand of invisibility (3)
 x - a wand of digging (13)
 K - a wand of lightning (0)
 M - a wand of cold (0)
 W - a wand of fireball (0)
Scrolls
 f - 3 scrolls of immolation
 j - 8 scrolls of remove curse
 k - 4 scrolls of recharging
 m - 6 scrolls of teleportation
 n - 2 scrolls of magic mapping
 A - 2 scrolls of fear
 S - 3 scrolls of enchant armour
 V - 8 scrolls of enchant weapon
 X - 2 scrolls of identify
Potions
 a - 8 potions of curing
 c - a potion of degeneration {unknown}
 g - a potion of cancellation
 l - 2 potions of poison
 s - a potion of flight
 u - 2 potions of invisibility {unknown}
 z - a potion of ambrosia {unknown}
 D - 4 potions of restore abilities
 I - a potion of brilliance
 J - 2 potions of agility
 L - a potion of resistance
Books
 e - a book of Fire

   Spells                             Type                      Level
   a - Ignite Poison                  Fire/Transmutation           5
   b - Fireball                       Conjuration/Fire             5
   c - Bolt of Fire                   Conjuration/Fire             6
   d - Delayed Fireball               Conjuration/Fire             7
   e - Ring of Flames                 Charms/Fire                  7
 P - a book of the Earth

   Spells                             Type                      Level
   a - Leda's Liquefaction            Hexes/Earth                  4
   b - Bolt of Magma                  Conjuration/Fire/Earth       5
   c - Statue Form                    Transmutation/Earth          6
   d - Iron Shot                      Conjuration/Earth            6
   e - Shatter                        Earth                        9
 Q - a book of the Tempests

   Spells                             Type                      Level
   a - Static Discharge               Conjuration/Air              3
   b - Lightning Bolt                 Conjuration/Air              5
   c - Fireball                       Conjuration/Fire             5
   d - Tornado                        Air                          9
   e - Shatter                        Earth                        9
Comestibles
 d - 13 bread rations
 o - 10 meat rations
 t - 22 fruits
 B - 2 beef jerkies
 R - 2 slices of pizza
 Z - 3 royal jellies


   Skills:
 - Level 7.6 Fighting
 - Level 1.7 Dodging
 - Level 1.7 Stealth
 - Level 6.6 Shields
 + Level 16.5 Spellcasting
 - Level 11.7 Conjurations
   Level 1.0 Summonings
 - Level 1.0 Translocations
 - Level 9.1 Transmutations
 - Level 7.4 Fire Magic
 - Level 3.0 Ice Magic
 - Level 1.0 Air Magic
 - Level 10.1 Earth Magic
 - Level 3.1 Poison Magic


You had 7 spell levels left.
You knew the following spells:

 Your Spells              Type           Power        Failure   Level  Hunger
a - Magic Dart            Conj           ####         0%          1    None
b - Blink                 Tloc           N/A          1%          2    None
c - Fireball              Conj/Fire      ######....   1%          5    None
d - Repel Missiles        Chrm/Air       ####..       1%          2    None
e - Mephitic Cloud        Conj/Pois/Air  ######..     1%          3    None
f - Freeze                Ice            ####         1%          1    None
g - Conjure Flame         Conj/Fire      ######..     1%          3    None
h - Stone Arrow           Conj/Erth      ######       1%          3    None
i - Statue Form           Trmt/Erth      ######...    2%          6    ##.....
j - Iron Shot             Conj/Erth      #######...   1%          6    ##.....
k - Bolt of Magma         Conj/Fire/Erth ######....   1%          5    None
l - Ozocubu's Armour      Chrm/Ice       #####...     1%          3    None


Dungeon Overview and Level Annotations

Branches:
Dungeon (12/15)            Temple (0/1) D:5            Lair (8/8) D:9
 Shoals (5/5) Lair:5       Spider (0/5) Lair:6        Slime (0/6) Lair:8
    Orc (4/4) D:12            Elf (0/3) Orc:4

Altars:
Dithmenos
Elyvilon
Fedhas
Gozag
Kikubaaqudgha
Nemelex Xobeh
Okawaru
Qazlal
Sif Muna
Trog
Vehumet
Xom
The Shining One
Beogh
Jiyva

Shops:
D:5 ?   Orc:2 !   Orc:4 [(==}*[?!   Shoals:1 (?   Shoals:2 [   Shoals:3 [


Innate Abilities, Weirdness & Mutations

((You can breathe blasts of scalding, opaque steam.))
((Your pale cyan-grey scales are hard (AC +9).))
Your body does not fit into most forms of armour.
You are cold-blooded and may be slowed by cold attacks.
You have sharp toenails.
You are clumsy. (Dex -2)
You are resistant to hostile enchantments.


Message History

You feel your power returning. You block the snapping turtle's attack.
You are too berserk!
Unknown command.
You are too berserk!
Unknown command.
You enter the shallow water.
Moving in this stuff is going to be slow.
The snapping turtle bites you but does no damage.
The snapping turtle bites you from afar!
* * * LOW HITPOINT WARNING * * *
You feel a strong urge to attack something.
You are no longer berserk.
You are exhausted.
You feel yourself slow down.
You are feeling hungry.
The snapping turtle bites you but does no damage.
Drink which item? (? for menu, Esc to quit)
Magic courses through your body.
The snapping turtle bites you from afar!
You die...

PP≈(≈.......≈≈≈≈≈≈≈≈≈≈
≈≈≈≈≈(≈≈≈.≈≈≈≈≈≈≈≈≈≈≈≈≈
≈≈P≈≈≈≈≈≈≈≈≈≈≈≈..≈≈≈≈≈≈≈
≈(≈((≈≈≈≈≈≈≈≈≈≈..≈≈≈≈≈≈≈
≈≈≈≈)######≈≈≈≈≈..≈≈≈≈≈≈
≈≈≈≈#))≈≈≈
#≈≈≈..≈≈≈≈≈≈≈≈
≈≈≈#)#÷≈≈≈ #≈t..≈≈≈≈≈≈≈≈
≈≈#(#≈≈≈#≈.
#≈..≈≈≈≈≈≈≈≈≈ ≈≈#≈≈≈≈≈≈≈
#≈≈≈8≈≈≈≈≈≈≈≈ ≈≈#≈≈≈≈##≈
#≈≈≈≈≈≈≈≈≈≈≈≈ ≈≈#≈≈#≈
#≈≈≈≈≈≈≈≈≈≈≈ ≈≈#≈≈≈
#≈≈≈≈≈≈≈≈≈≈≈ ≈≈#
#≈≈≈≈≈≈≈≈≈≈≈ ≈≈≈
≈≈≈≈≈≈≈≈≈≈≈ ≈≈
≈≈≈≈≈≈≈≈≈≈≈ ≈ ≈≈≈≈≈≈≈≈≈
≈≈≈


You could see a snapping turtle.

Vanquished Creatures
  Gastronok (D:10)
  An orc warlord (Orc:4)
  Maud (D:12)
  Snorg (D:11)
  A merfolk javelineer (Shoals:5)
  A merfolk impaler (Shoals:5)
  An ice dragon (D:9)
  8 hydras
  4 death yaks
  A catoblepas (Lair:8)
  Erolcha (D:8)
  A merfolk avatar (Shoals:2)
  2 satyrs
  A deep troll shaman (Lair:8)
  2 orc high priests (Orc:4)
  6 sea snakes
  6 hill giants
  4 orc knights
  7 harpies
  2 sixfirhies (Orc:4)
  3 ugly things (D:11)
  3 manticores
  2 cyclopes
  A griffon (Shoals:3)
  3 water nymphs
  2 orc sorcerers (Orc:4)
  8 sirens
  6 fauns
  4 black mambas
  23 elephants
  Psyche (D:8)
  16 spiny frogs
  5 komodo dragons
  A guardian mummy (Volcano)
  A wandering mushroom (Lair:6)
  2 trolls
  4 polar bears
  A blue devil (Orc:4)
  5 fire drakes
  7 merfolk
  2 minotaur skeletons (Volcano)
  A red devil (Orc:4)
  2 wind drakes
  6 snapping turtles
  2 flying skulls (Volcano)
  3 slime creatures (D:9)
  A boulder beetle (Lair:5)
  4 trapdoor spiders (Lair:6)
  A two-headed ogre (D:11)
  25 blink frogs
  39 yaks
  A wyvern (Lair:8)
  3 vampires (Volcano)
  A water elemental (Shoals:3)
  A wraith (D:11)
  Grum (D:8)
  3 basilisks
  2 hungry ghosts
  A warg (Orc:2)
  23 wolves
  3 water moccasins
  A hill giant skeleton (Volcano)
  8 hippogriffs
  A merfolk skeleton (Volcano)
  A mottled dragon (D:12)
  A soldier ant (D:12)
  A black bear (D:12)
  3 sky beasts
  8 ogres
  17 porcupines
  28 orc warriors
  4 phantoms
  3 boring beetles
  11 ice beasts
  An eye of draining (D:9)
  A manticore skeleton (Volcano)
  11 centaurs
  A big kobold (D:9)
  19 crocodiles
  21 giant frogs
  A wyvern zombie (D:8)
  3 scorpions
  12 killer bees
  2 spriggan skeletons (Volcano)
  3 troll skeletons (Volcano)
  5 wights (D:6)
  2 wasp zombies (D:9)
  26 orc priests
  2 centaur zombies
  4 electric eels
  A giant frog zombie (D:9)
  A goliath beetle (D:6)
  4 jellies
  5 crimson imps
  A centaur skeleton (D:12)
  A two-headed ogre skeleton (Volcano)
  7 worker ants
  A fulminant prism (D:9)
  7 hounds
  7 iguanas
  35 orc wizards
  2 hell rats (D:9)
  25 sheep
  5 big kobold zombies (Ossuary)
  A naga skeleton (Volcano)
  3 mummies
  A hound skeleton (D:5)
  2 hound zombies
  A worker ant zombie (D:6)
  14 gnolls
  35 river rats
  2 shadow imps
  33 adders
  5 giant geckos
  4 oozes (Lair:8)
  159 orcs
  2 spectral bats (Ossuary)
  18 bats
  A bat skeleton (D:8)
  A bat zombie (D:6)
  7 giant cockroaches
  16 hobgoblins
  25 jackals
  16 quokkas
  A ball python (D:3)
  4 bat simulacra (Ossuary)
  4 giant newts
  A giant spore (D:12)
  7 gnoll zombies (Ossuary)
  28 goblins
  2 goblin simulacra (Ossuary)
  6 goblin zombies (Ossuary)
  5 hobgoblin zombies (Ossuary)
  19 kobolds
  A kobold simulacrum (Ossuary)
  3 kobold zombies (Ossuary)
  4 orc zombies (Ossuary)
  A quokka skeleton (D:4)
  A quokka zombie (D:7)
  21 rats
  2 rat simulacra (Ossuary)
  3 spectral kobolds (Ossuary)
  4 spectral rats (Ossuary)
  5 ballistomycetes (D:12)
  2 bushes (Lair:3)
  A plant (Lair:8)
1049 creatures vanquished.

Vanquished Creatures (collateral kills)
  A phantom (D:6)
1 creature vanquished.

Vanquished Creatures (others)
  A black mamba (Lair:8)
  A yak (D:12)
  A crocodile (Lair:8)
  8 fulminant prisms
  2 adders (Lair:8)
  A goblin (D:2)
  A hobgoblin (D:2)
  6 fungi
  6 plants
27 creatures vanquished.

Grand Total: 1077 creatures vanquished

Notes
Turn   | Place    | Note
--------------------------------------------------------------
     0 | D:1      | Fanu, the Draconian Wizard, began the quest for the Orb.
     0 | D:1      | Reached XP level 1. HP: 14/14 MP: 4/4
   268 | D:1      | Reached XP level 2. HP: 17/20 MP: 1/6
   313 | D:1      | Learned a level 2 spell: Blink
   316 | D:1      | Learned a level 2 spell: Call Imp
   319 | D:1      | Learned a level 2 spell: Repel Missiles
  1194 | D:2      | Found a shimmering altar of Xom.
  1215 | D:2      | Reached XP level 3. HP: 22/26 MP: 4/7
  1284 | D:2      | Found a radiant altar of Vehumet.
  1324 | D:2      | Became a worshipper of Vehumet
  1751 | D:2      | Reached skill level 1 in Air Magic
  1805 | D:2      | Found a sparkling altar of Nemelex Xobeh.
  1805 | D:2      | Found an opulent altar of Gozag.
  2008 | D:2      | Found a blossoming altar of Fedhas.
  2898 | D:3      | Noticed a phantom
  3195 | D:3      | Reached XP level 4. HP: 19/33 MP: 9/9
  3426 | D:3      | Learned a level 3 spell: Mephitic Cloud
  3479 | D:3      | Reached skill level 4 in Spellcasting
  3582 | D:3      | Acquired Vehumet's first power
  3582 | D:3      | Offered knowledge of Freeze by Vehumet.
  3585 | D:3      | Learned a level 1 spell: Freeze
  3718 | D:3      | Killed a phantom
  3718 | D:3      | Reached XP level 5. HP: 12/38 MP: 0/11
  4513 | D:4      | Found an iron altar of Okawaru.
  4606 | D:4      | Reached skill level 1 in Poison Magic
  4833 | D:4      | Found a white marble altar of Elyvilon.
  4842 | D:4      | Found a deep blue altar of Sif Muna.
  4986 | D:4      | Reached XP level 6. HP: 45/45 MP: 13/13
  5046 | D:4      | Got a transparent mace
  5047 | D:4      | Identified the +5 mace of the Many Blessings {elec, rElec rC+ MR++ Int-5} (You found it on level 4 of the Dungeon)
  5086 | D:4      | Found a stormy altar of Qazlal.
  5273 | D:5      | Entered Level 5 of the Dungeon
  5305 | D:5      | Offered knowledge of Shock by Vehumet.
  5305 | D:5      | Reached skill level 5 in Spellcasting
  5317 | D:5      | Learned a level 3 spell: Conjure Flame
  5494 | D:5      | Found a staircase to the Ecumenical Temple.
  5696 | D:5      | Found a glowing golden altar of the Shining One.
  5739 | D:5      | Your scales start taking on a pale cyan-grey colour.
  5739 | D:5      | Reached XP level 7. HP: 25/50 MP: 1/15
  5936 | D:5      | Found Kehepp's Magic Scroll Emporium.
  5956 | D:5      | Upgraded the game from 0.17-a0-488-g0a147b9 to 0.17-a0-491-gbd49765
  6270 | D:5      | Found a shadowy altar of Dithmenos.
  6647 | D:5      | Reached skill level 6 in Spellcasting
  7390 | D:6      | Reached skill level 5 in Conjurations
  7637 | D:6      | Reached XP level 8. HP: 47/57 MP: 9/18
  7971 | D:6      | Reached skill level 7 in Spellcasting
  8034 | D:6      | Found an ancient bone altar of Kikubaaqudgha.
  8196 | D:6      | Offered knowledge of Stone Arrow by Vehumet.
  8222 | D:6      | Learned a level 3 spell: Stone Arrow
  8491 | D:7      | Found a sand-covered staircase.
  8496 | Ossuary  | Entered an ossuary
  8575 | Ossuary  | Acquired Vehumet's second power
  8819 | Ossuary  | Offered knowledge of Fulminant Prism by Vehumet.
  8819 | Ossuary  | Reached skill level 1 in Earth Magic
  8826 | Ossuary  | Learned a level 4 spell: Fulminant Prism
  9026 | D:7      | Acquired Vehumet's third power
  9155 | D:7      | Offered knowledge of Force Lance by Vehumet.
  9167 | D:7      | Gained mutation: You are clumsy. (Dex -2) [mutagenic meat]
  9168 | D:7      | Gained mutation: You are resistant to hostile enchantments. [mutagenic meat]
  9755 | D:7      | Reached skill level 8 in Spellcasting
  9909 | D:8      | Reached XP level 9. HP: 59/62 MP: 12/21
 10107 | D:8      | Noticed Grum
 10122 | D:8      | Killed Grum
 10418 | D:8      | Noticed Psyche
 10424 | D:8      | Killed Psyche
 10459 | D:8      | Learned a level 5 spell: Fireball
 10472 | D:8      | Noticed Erolcha
 10483 | D:8      | Killed Erolcha
 10483 | D:8      | Reached skill level 9 in Spellcasting
 10750 | D:8      | Gained mutation: You have sharp toenails. [mutagenic meat]
 10868 | D:8      | Reached XP level 10. HP: 69/69 MP: 23/23
 11466 | D:8      | Offered knowledge of Olgreb's Toxic Radiance by Vehumet.
 11532 | D:9      | Noticed a death yak
 11533 | D:9      | Noticed a hill giant
 11534 | D:9      | Reached skill level 10 in Conjurations
 11541 | D:9      | Found a staircase to the Lair.
 11550 | D:9      | Killed a hill giant
 11551 | D:9      | Killed a death yak
 11551 | D:9      | Reached skill level 11 in Conjurations
 12163 | D:9      | Learned a level 6 spell: Statue Form
 12175 | D:9      | Reached skill level 10 in Spellcasting
 12175 | D:9      | Reached skill level 1 in Transmutations
 12516 | D:9      | Reached XP level 11. HP: 74/74 MP: 1/25
 12525 | D:9      | Noticed an ice dragon
 13063 | D:9      | Learned a level 4 spell: Olgreb's Toxic Radiance
 13545 | Lair:1   | Entered Level 1 of the Lair of Beasts
 13714 | Lair:1   | Noticed a six-headed hydra
 14855 | D:9      | Killed an ice dragon
 14855 | D:9      | Reached skill level 5 in Transmutations
 15196 | D:10     | Entered Level 10 of the Dungeon
 15210 | D:10     | Identified Theurgy, Part Three
 15261 | D:10     | Noticed Gastronok
 15468 | D:10     | Killed Gastronok
 15964 | D:10     | Reached skill level 5 in Earth Magic
 16174 | D:10     | Noticed a hill giant
 16180 | D:10     | Noticed a hill giant
 16199 | D:10     | Killed a hill giant
 16243 | D:10     | Killed a hill giant
 16627 | D:11     | Noticed a hill giant
 16639 | D:11     | Killed a hill giant
 16736 | D:11     | Noticed Snorg
 16886 | D:11     | Offered knowledge of Conjure Ball Lightning by Vehumet.
 17041 | D:11     | Killed Snorg
 17041 | D:11     | Reached XP level 12. HP: 81/81 MP: 8/27
 17343 | D:11     | Noticed a hill giant
 17359 | D:11     | Killed a hill giant
 18432 | D:11     | Reached skill level 1 in Fighting
 18948 | D:12     | Found a staircase to the Orcish Mines.
 18948 | D:12     | Noticed Maud
 18982 | D:12     | Killed Maud
 19771 | Lair:1   | Killed a six-headed hydra
 19771 | Lair:1   | Reached skill level 12 in Spellcasting
 19930 | Lair:1   | Learned a level 5 spell: Bolt of Magma
 21563 | Lair:2   | Noticed a six-headed hydra
 21890 | Lair:2   | Reached XP level 13. HP: 72/99 MP: 20/29
 22479 | Lair:2   | Killed a six-headed hydra
 22479 | Lair:2   | Reached skill level 1 in Shields
 23123 | Lair:3   | Offered knowledge of Iskenderun's Battlesphere by Vehumet.
 23141 | Lair:3   | Reached skill level 5 in Fire Magic
 23811 | Lair:4   | You fall through a shaft!
 23811 | Lair:5   | Found a staircase to the Shoals.
 24145 | Lair:4   | Found a dark tunnel.
 24150 | Volcano  | Entered a volcano
 25117 | Lair:4   | Offered knowledge of Spellforged Servitor by Vehumet.
 26014 | Lair:5   | Reached skill level 5 in Shields
 26217 | Lair:5   | Reached skill level 10 in Earth Magic
 27214 | Lair:6   | Reached skill level 5 in Fighting
 27629 | Lair:6   | Found a hole to the Spider Nest.
 28333 | Lair:7   | Reached XP level 14. HP: 94/107 MP: 29/30
 28347 | Lair:7   | Learned a level 3 spell: Ozocubu's Armour
 29347 | Lair:7   | Found a viscous altar of Jiyva.
 29347 | Lair:7   | Found a staircase to the Slime Pits.
 29389 | Lair:7   | Reached skill level 13 in Spellcasting
 29714 | Lair:8   | Entered Level 8 of the Lair of Beasts
 30234 | D:5      | Bought a scroll of amnesia for 38 gold pieces
 30481 | Lair:1   | Offered knowledge of Bolt of Fire by Vehumet.
 31364 | Lair:8   | Learned a level 6 spell: Iron Shot
 31573 | Lair:8   | Reached skill level 1 in Ice Magic
 31630 | Lair:8   | Found a staircase to the Slime Pits.
 32089 | Lair:8   | Reached skill level 14 in Spellcasting
 33197 | Lair:8   | Got an ancient copper ring
 33207 | Lair:8   | Identified the ring "Pydghuxey" {Contam rPois Int+5 SInv Stlth+} (You found it on level 8 of the Lair of Beasts)
 33935 | Orc:1    | Entered Level 1 of the Orcish Mines
 34150 | Orc:1    | Offered knowledge of Orb of Destruction by Vehumet.
 34719 | Orc:2    | Found Wut Loi's Distillery.
 34756 | Orc:2    | Bought a potion of haste for 120 gold pieces
 34845 | Orc:3    | Found a bloodstained altar of Trog.
 34921 | Orc:4    | Entered Level 4 of the Orcish Mines
 34945 | Orc:4    | Found a roughly hewn altar of Beogh.
 35109 | Orc:4    | Found a roughly hewn altar of Beogh.
 35209 | Orc:4    | Found Kumpeff's Jewellery Boutique.
 35217 | Orc:4    | Found Fanef's Jewellery Shoppe.
 35225 | Orc:4    | Offered knowledge of Delayed Fireball by Vehumet.
 35414 | Orc:4    | Found Izxinn's Gadget Shoppe.
 35439 | Orc:4    | Found Wigug's Magic Scroll Shop.
 35504 | Orc:4    | Found a roughly hewn altar of Beogh.
 35504 | Orc:4    | Found Foetots's Armour Shop.
 35645 | Orc:4    | Bought the +3 crown of Dyrovepreva {rElec Int+2 SInv} for 496 gold pieces
 35667 | Orc:4    | Found Tieker's Assorted Antiques.
 35675 | Orc:4    | Found a staircase to the Elven Halls.
 35711 | Orc:4    | Found a roughly hewn altar of Beogh.
 35867 | Orc:4    | Noticed an orc warlord
 36050 | Orc:4    | Killed an orc warlord
 36050 | Orc:4    | Reached XP level 15. HP: 119/119 MP: 19/33
 36306 | Orc:4    | Found a roughly hewn altar of Beogh.
 36307 | Orc:4    | Found Qulamoinio's Antique Weapon Shop.
 36310 | Orc:4    | Found Liubithe's Antique Armour Boutique.
 36798 | Orc:4    | Found a roughly hewn altar of Beogh.
 36800 | Orc:4    | Found Honec's Distillery.
 36848 | Orc:4    | Bought a potion of magic for 136 gold pieces
 36848 | Orc:4    | Bought a potion of heal wounds for 85 gold pieces
 36848 | Orc:4    | Bought a potion of berserk rage for 85 gold pieces
 37115 | Orc:4    | Upgraded the game from 0.17-a0-491-gbd49765 to 0.17-a0-512-gd6a67cc
 37500 | Shoals:1 | Entered Level 1 of the Shoals
 37514 | Shoals:1 | Found Riluhan's Magic Scroll Shop.
 37587 | Shoals:1 | Found Goja's Weapon Boutique.
 37856 | Shoals:1 | Reached skill level 15 in Spellcasting
 38160 | Shoals:2 | Found Sogouwou's Antique Armour Shoppe.
 38163 | Shoals:2 | Bought a pair of glowing gloves for 148 gold pieces
 38494 | Shoals:2 | HP: 3/154 [snapping turtle (15)]
 38500 | Shoals:2 | HP: 7/154 [snapping turtle (14)]
 38785 | Shoals:3 | Offered knowledge of Fire Storm by Vehumet.
 38785 | Shoals:3 | Offered knowledge of Glaciate by Vehumet.
 38785 | Shoals:3 | Offered knowledge of Chain Lightning by Vehumet.
 38808 | Shoals:3 | Found Letainat's Armour Emporium.
 39526 | Shoals:5 | Entered Level 5 of the Shoals
 39530 | Shoals:5 | Reached skill level 16 in Spellcasting
 40228 | Shoals:5 | Slain by a snapping turtle

Action                   |  1- 3 |  4- 6 |  7- 9 | 10-12 | 13-15 || total
-------------------------+-------+-------+-------+-------+-------++-------
Melee: Unarmed           |    54 |       |       |       |       ||    54
       Dagger            |   108 |       |       |       |       ||   108
       Short sword       |     9 |   121 |   275 |    31 |       ||   436
       Staff             |       |       |       |    31 |   231 ||   262
       Flail             |       |       |       |    85 |    39 ||   124
Throw: Throwing net      |       |       |       |     2 |       ||     2
 Cast: Magic Dart        |   118 |    75 |   155 |   334 |   202 ||   884
       Call Imp          |     7 |     3 |     2 |       |       ||    12
       Mephitic Cloud    |       |    10 |     7 |    64 |    67 ||   148
       Freeze            |       |    25 |    47 |    92 |    98 ||   262
       Conjure Flame     |       |       |    17 |    44 |    14 ||    75
       Stone Arrow       |       |       |    11 |    79 |   526 ||   616
       Fulminant Prism   |       |       |     2 |     7 |       ||     9
       Repel Missiles    |       |       |     1 |     7 |       ||     8
       Fireball          |       |       |     1 |    67 |    49 ||   117
       Blink             |       |       |     1 |    33 |    16 ||    50
       Olgreb's Toxic Ra |       |       |       |    12 |     7 ||    19
       Bolt of Magma     |       |       |       |    14 |    97 ||   111
       Statue Form       |       |       |       |     2 |    44 ||    46
       Iron Shot         |       |       |       |       |   106 ||   106
       Ozocubu's Armour  |       |       |       |       |     6 ||     6
 Abil: Breathe Steam     |       |       |    12 |    28 |     6 ||    46
Evoke: Wand              |       |       |       |     2 |    19 ||    21
  Use: Potion            |     5 |     1 |       |    14 |    16 ||    36
       Scroll            |     1 |     5 |     5 |    13 |    22 ||    46
 Stab: Sleeping          |       |       |     6 |       |       ||     6
       Confused          |       |       |     1 |     4 |     2 ||     7
  Eat: Chunk             |     8 |     2 |    28 |    36 |    67 ||   141
       Meat ration       |       |     1 |       |     1 |     4 ||     6
       Fruit             |       |     1 |     3 |     8 |     8 ||    20
       Beef jerky        |       |       |       |       |     2 ||     2
       Royal jelly       |       |       |       |       |     1 ||     1
       Pizza             |       |       |       |       |     1 ||     1
